AoeStats
← 出軌對象

Oasis

508415308Analyzed
2v2 RM · 10d ago on Sep 22, 2026· 56m 27s· 4 players
Game mode
Random Map
Map size
Medium (4 player)
Population
200
Speed
Normal
Resources
Standard
Victory
Conquest
Starting age
Dark Age
Ending age
Imperial Age
RankedLock teamsTeams togetherTeam positionsShared explorationLock speedFull tech treeHidden civsTurbo modeCheats
Victory
Defeat
🇭🇰 Wei · Hong Kong SAR China
831
+14
🇭🇰 Bohemians · Hong Kong SAR China
831
+14
🇦🇿 Khmer · Azerbaijan
799
-14
🇦🇿 Turks · Azerbaijan
792
-14
jafar.najafov
0:49 Loom
2:08 Loom
2:29 Loom
11:32 Feudal Age
12:24 Double-Bit Axe
13:16 Wheelbarrow
14:15 Horse Collar
16:23 Gold Mining
21:20 Bloodlines
21:18 Scale Barding Armor
22:01 Stone Mining
24:22 Forging
30:06 Castle Age
32:24 Hand Cart
32:22 Bow Saw
32:15 Heavy Plow
33:08 Gold Shaft Mining
33:27 Iron Casting
33:14 Chain Barding Armor
32:55 Scale Mail Armor
32:59 Husbandry
35:44 Man-at-Arms
42:35 Imperial Age
43:16 Sipahi
44:39 Conscription
43:48 Heavy Camel Rider
Muhammed Alparslan
1:08 Loom
11:40 Feudal Age
12:33 Double-Bit Axe
13:59 Fletching
13:54 Horse Collar
14:58 Man-at-Arms
16:19 Gold Mining
20:17 Scale Mail Armor
20:18 Padded Archer Armor
20:30 Forging
22:50 Wheelbarrow
25:30 Castle Age
23:17 Town Watch
25:57 Crossbowman
27:45 Bodkin Arrow
28:06 Leather Archer Armor
28:27 Bow Saw
30:26 Heavy Plow
32:20 Stone Mining
33:09 Gold Shaft Mining
33:03 Husbandry
33:15 Bloodlines
35:37 Wheelbarrow
37:45 Ballistics
40:13 Imperial Age
38:18 Hand Cart
37:37 Elite Skirmisher
37:42 Long Swordsman
38:40 Caravan
39:44 Stone Shaft Mining
39:31 Leather Archer Armor
39:23 Scale Barding Armor
39:48 Pikeman
41:25 Conscription
41:07 Tusk Swords
42:19 Double Crossbow
41:49 Capped Ram
42:58 Two-Handed Swordsman
44:38 Town Patrol
45:17 Cavalier
46:57 Capped Ram
48:18 Siege Ram
51:35 Chain Mail Armor
51:55 Iron Casting
出軌對象
11:22 Feudal Age
13:29 Horse Collar
13:37 Double-Bit Axe
16:57 Forging
18:45 Scale Barding Armor
22:57 Castle Age
24:22 Iron Casting
24:50 Husbandry
24:11 Light Cavalry
27:49 Wheelbarrow
30:15 Caravan
31:34 Hand Cart
33:53 Chain Barding Armor
33:53 Town Watch
33:53 Loom
36:13 Wagenburg Tactics
36:20 Town Patrol
39:02 Imperial Age
36:48 Heavy Plow
37:02 Bow Saw
38:37 Chemistry
37:20 Treadmill Crane
37:33 Fletching
37:44 Padded Archer Armor
40:12 Ballistics
39:58 Siege Engineers
40:37 Masonry
39:58 Cavalier
41:28 Conscription
40:29 Elite Hussite Wagon
43:34 Blast Furnace
42:30 Bodkin Arrow
42:51 Leather Archer Armor
42:38 Scale Mail Armor
42:03 Pikeman
42:43 Squires
42:29 Arson
42:26 Houfnice
42:39 Halberdier
44:41 Two-Man Saw
47:01 Architecture
別急
13:02 Feudal Age
16:42 Double-Bit Axe
18:39 Man-at-Arms
23:01 Castle Age
27:45 Elite Skirmisher
31:34 Bow Saw
31:58 Husbandry
32:12 Bloodlines
39:21 Imperial Age
36:37 Horse Collar
36:50 Gold Mining
38:21 Caravan
42:28 Wheelbarrow
42:06 Heavy Plow
42:36 Elite Tiger Cavalry
43:49 Ming Guang Armor
44:32 Heavy Hei Guang Cavalry
46:27 Ballistics
47:35 Chemistry
54:32 Parthian Tactics
Connection lost

Rejoining the realm…

Still unreachable

The connection could not be restored.

Session expired

The server has moved on; the page needs a fresh start.